 Dungeon Crawl Stone Soup version 0.28-a0-726-g4a9143789a (webtiles) character file.

Game seed: 11241470716665965416

126 cheechan the Chopper (level 5, -6/36 HPs)
             Began as an Octopode Fighter on Oct 27, 2021.
             Mangled by Natasha (8 damage)
             ... on level 3 of the Dungeon.
             The game lasted 00:06:01 (1888 turns).

cheechan the Chopper (Octopode Fighter)             Turns: 1888, Time: 00:06:02

Health: -6/36      AC:  1    Str: 16    XL:     5   Next: 10%
Magic:  5/5        EV: 13    Int: 11    God:
Gold:   100        SH:  4    Dex: 11    Spells: 4/4 levels left

rFire   . . .      SeeInvis .   a - +0 war axe
rCold   . . .      Faith    +   b - +0 buckler
rNeg    . . .      Spirit   .   (helmet restricted)
rPois   .          Reflect  .   k - amulet of faith
rElec   .          Harm     .   j - ring of willpower
rCorr   .          Rampage  .   m - ring of willpower
Will    ++...                   (no ring)
Stlth   +++.......              (no ring)
HPRegen 0.12/turn               (no ring)
MPRegen 0.09/turn               (no ring)
                                (no ring)
                                (no ring)

@: no status effects
A: almost no armour, amphibious, 8 rings, camouflage 1, gelatinous body 1,
(nimble swimmer 1), tentacles
a: no special abilities


You were on level 3 of the Dungeon.
You visited 1 branch of the dungeon, and saw 3 of its levels.

You collected 100 gold pieces.

Inventory:

Hand Weapons
 a - a +0 war axe (weapon)
Missiles
 d - 45 stones (quivered)
 h - 24 arrows
 i - 14 bolts
 l - 27 poisoned darts
Armour
 b - a +0 buckler (worn)
Jewellery
 j - a ring of willpower (left tentacle)
 k - an amulet of faith (around mantle)
 m - a ring of willpower (right tentacle)
Scrolls
 g - 2 scrolls of identify
Potions
 c - a potion of might
 e - 2 potions of experience
 f - a potion of resistance


   Skills:
 + Level 3.5 Fighting
 + Level 3.7 Axes
 + Level 3.4 Dodging
 + Level 2.3 Stealth
 + Level 3.3 Shields


You had 4 spell levels left.
You didn't know any spells.
Your spell library contained the following spells:

 Spells                   Type           Power      Damage    Failure   Level
 Animate Skeleton         Necr           0%         N/A       36%         1
 Apportation              Tloc           0%         N/A       36%         1
 Summon Small Mammal      Summ           0%         N/A       36%         1
 Ensorcelled Hibernation  Hex/Ice        0%         N/A       50%         2
 Spider Form              Tmut/Pois      0%         N/A       75%         3


Dungeon Overview and Level Annotations

Branches:
Dungeon (3/15)

Altars:
Fedhas

Annotations:
D:3 Natasha


Innate Abilities, Weirdness & Mutations

You cannot wear most types of armour.
You are amphibious.
You can wear up to eight rings at the same time.
Your skin changes colour to match your surroundings (Stealth+).
Your rubbery body absorbs attacks. (AC +1, EV +1)
((You are camouflaged near water. (Stealth+)))
You have tentacles for arms and can constrict up to eight enemies at once.


Message History

You constrict Natasha.
Natasha stares at you and mumbles some strange words.
The magic dart hits you.
You hit Natasha.
You kill Natasha!
Natasha screams in pain as she dies!
You have reached level 5!
You feel clever.
You see here the felid corpse of Natasha.
You pick up a book of Cantrips and begin reading...
You add the spells Animate Skeleton, Summon Small Mammal and Apportation to your library.
You start resting.
Natasha, Servant of Life and Death comes into view.
You barely miss Natasha. Your grab misses Natasha. Natasha misses you.
Natasha barely misses you.
You completely miss Natasha. Your grab misses Natasha. Natasha claws you.
You barely miss Natasha. Your grab misses Natasha. Your squeeze misses Natasha.
Natasha claws you!
You closely miss Natasha. Your grab misses Natasha. You squeeze Natasha.
Natasha is moderately wounded.
Natasha stares at you and mumbles some strange words.
You resist with almost no effort. Natasha claws you!
* * * LOW HITPOINT WARNING * * *
Okay, then.
Okay, then.
Okay, then.
You barely miss Natasha. Your grab misses Natasha.
Natasha is moderately wounded.
Natasha casts a spell at you. You resist with almost no effort.
You hit Natasha. You grab Natasha.
Natasha is heavily wounded.
You constrict Natasha. Natasha claws you.
* * * LOW HITPOINT WARNING * * *
You hit Natasha.
Natasha is severely wounded.
You constrict Natasha. Natasha claws you.
* * * LOW HITPOINT WARNING * * *
Natasha claws you!
You die...

#### #..# # ###### #######
##..# # #.....##.....##
#...# ##
..............####.#.####.
...............##..#.##...
...............##.##......
...............##.#.......
.........@h............)..
.........†)...............
..........................
...............>..........
......##..................
...##. ###................
...##.##......>.........<.
..<......†.......†.......
.........................


You could see Natasha.

Vanquished Creatures
  Natasha (twice) (D:3)
  An adder (D:2)
  A dart slug (D:1)
  2 worms
  6 endoplasms
  2 giant cockroaches
  5 goblins
  2 hobgoblins
  6 jackals
  4 quokkas
  6 ball pythons
  6 bats
  7 frilled lizards
  4 kobolds
  4 rats
58 creatures vanquished.

Notes
Turn   | Place    | Note
-------+----------+-------------------------------------------
     0 | D:1      | cheechan the Octopode Fighter began the quest for the Orb.
     0 | D:1      | Reached XP level 1. HP: 16/16 MP: 1/1
    25 | D:1      | Reached XP level 2. HP: 8/21 MP: 2/2
   808 | D:1      | Reached XP level 3. HP: 22/26 MP: 3/3
  1017 | D:2      | Reached skill level 1 in Stealth
  1396 | D:2      | Reached XP level 4. HP: 13/31 MP: 4/4
  1729 | D:3      | Found a blossoming altar of Fedhas.
  1807 | D:3      | Noticed Natasha
  1815 | D:3      | Killed Natasha
  1857 | D:3      | Noticed Natasha
  1865 | D:3      | Killed Natasha
  1866 | D:3      | Reached XP level 5. HP: 21/36 MP: 5/5
  1878 | D:3      | Noticed Natasha
  1888 | D:3      | Mangled by Natasha

Illustrated notes

Levels and vault maps discovered:
D:1:      dpeg_arrival_simpleton_a, layout_basic, minmay_misc_feat_rugged
D:2:      layout_basic
D:3:      layout_rooms, lemuel_tele_altar, uniq_natasha, uniq_crazy_yiuf_cottage

Skill      XL: |  1  2  3  4 |
---------------+-------------+-----
Stealth        | 1 2 |  2.3
Axes           | 3 |  3.7
Fighting       | |  3.5
Dodging        | |  3.4
Shields        | |  3.3

Action                   |  1- 3 |  4- 6 || total
-------------------------+-------+-------++-------
Melee: War axe           |    73 |    32 ||   105
       Constrict         |    14 |    10 ||    24
       Tentacles         |     8 |     7 ||    15
  Use: Scroll            |     3 |       ||     3
 Stab: Sleeping          |    10 |     3 ||    13
Armor: Skin              |    11 |     3 ||    14
Dodge: Dodged            |    71 |    21 ||    92
Block: Buckler           |    23 |     4 ||    27

Table legend: (Time is in decaauts)
 A = Elapsed time spent in this place.
 B = Non-inter-level travel time spent in this place.
 C = Inter-level travel time spent in this place.
 D = Time resting spent in this place.
 E = Time spent auto-exploring this place.
 F = Levels seen in this place.
 G = Mean time per level.
                   A        B        C        D        E       F      G
               +--------+--------+--------+--------+--------+-----+--------+
         Total |   1925 |   1925 |      0 |    415 |      0 |   3 |  641.7 |
       Dungeon |   1925 |   1925 |      0 |    415 |      0 |   3 |  641.7 |
               +--------+--------+--------+--------+--------+-----+--------+

Top non-repeatable levels by time:
     D:1: 943 daAuts
     D:2: 780 daAuts
     D:3: 201 daAuts
